[Event "Belgrade RAD 30"]
[Site "Belgrade"]
[Date "1977.01.28"]
[Round "11.5"]
[White "Velimirovic, Dragoljub"]
[Black "Radulov, Ivan"]
[Result "1-0"]
[ECO "B09"]
[WhiteElo "2525"]
[BlackElo "2500"]
[Annotator "Primel,D"]
[PlyCount "127"]
[EventDate "1977.01.15"]
[EventType "tourn"]
[EventRounds "13"]
[EventCountry "SRB"]
[EventCategory "9"]
[SourceTitle "EXT 2018"]
[Source "ChessBase"]
[SourceDate "2017.10.13"]
[SourceVersion "1"]
[SourceVersionDate "2017.10.13"]
[SourceQuality "1"]
[TimeControl "40/9000:16/5400:0"]

1. e4 d6 2. d4 Nf6 3. Nc3 g6 4. f4 Bg7 5. e5 dxe5 6. dxe5 Qxd1+ 7. Kxd1 Ng4 8.
Ke1 c6 9. h3 Nh6 10. g4 f6 11. exf6 exf6 12. Bc4 f5 13. g5 Nf7 14. Nf3 Nd7 $146
(14... O-O 15. Be3 Re8 16. Kf2 Be6 17. Bxe6 Rxe6 18. Nd4 Re7 19. Rad1 Nd7 20.
Nb3 b6 21. Bd4 Rae8 22. Bxg7 Kxg7 23. Rd3 b5 24. a3 Nb6 25. Nd4 Rc8 26. Re1
Rxe1 27. Kxe1 Nc4 28. b3 Re8+ 29. Kf2 {Vulevic,V (2240)-Krause,C Bern 1977 1/
2-1/2 (51)}) (14... Nd6 15. Bb3 Kd7 16. h4 Kc7 17. h5 gxh5 18. Rxh5 Ne4 19.
Nxe4 fxe4 20. Ne5 Bf5 21. Nf7 Rf8 22. Be3 Nd7 23. Rd1 Bxb2 24. Nh6 Bg6 25. Be6
Ne5 26. Rh3 Rae8 27. f5 Rxe6 28. fxe6 Nf3+ 29. Ke2 {Bronstein,D (2490)
-Tseshkovsky,V (2530) Moscow 1981 1/2-1/2 (33)}) (14... Nd6 15. Bb3 Na6 16. Be3
Ke7 17. Rh2 Be6 18. Re2 Bxc3+ 19. bxc3 Ne4 20. Bd4 Rhe8 21. h4 c5 22. Bxe6 Kxe6
23. Be5 Kd5 24. Rd1+ Kc6 25. h5 Rad8 26. Rxd8 Rxd8 27. hxg6 hxg6 28. Rh2 Re8
29. Kd1 {Lorenz,G-Ryc,I Dresden 1969 1/2-1/2 (40)}) (14... O-O 15. Kf2 b5 16.
Bxf7+ Kxf7 17. Be3 Be6 18. Bd4 b4 19. Na4 Nd7 20. Rhe1 Bd5 21. Bxg7 Kxg7 22. a3
Rab8 23. b3 a5 24. Nd4 Rfe8 25. axb4 axb4 26. Nb2 Nc5 27. Ra7+ Kg8 28. Nd3
Nxd3+ 29. cxd3 {Balashov,Y-Stein,L Moscow 1972 1/2-1/2 (40)}) 15. Be3 Nb6 16.
Bb3 O-O 17. Kf2 $5 Re8 18. Rhe1 Be6 19. Bd4 (19. Bxe6 Rxe6
20. Bd4 Rae8 21. Rxe6 Rxe6 22. Bxg7 Kxg7 23. Rd1 Rd6 $11) 19... Bxb3 20. axb3
Rxe1 $1 21. Rxe1 Bxd4+ 22. Nxd4 Rd8 23. Nf3 Kf8 (23... Kg7 24. Re7) 24. h4 Nd5
25. Nxd5 Rxd5 26. h5 $1 gxh5 27. Rh1 Kg7 28. Rxh5 h6 29. gxh6+ Nxh6 30. Ke2 Ra5
31. Ne5 $14 Ra2 32. Rg5+ Kf8 33. Kd2 Ra1 (33... Rxb2) 34. Rg6 Rh1 35. Rd6 Rh2+
36. Kd3 Ng4 37. Rd7 Nxe5+ 38. fxe5 Rh3+ 39. Kd4 $16 Rh2 40.
Kc3 Re2 41. Rxb7 Rxe5 42. Rxa7 Ke8 (42... f4 43. Rd7 f3 44. Rd1
Kf7 45. Rf1 Rf5 46. Kd3 Kg6 47. Ke3) 43. b4 Re3+ 44. Kd4 Re4+ (44... Re2 45.
Kd3) 45. Kc5 Re2 46. c4 Rxb2 47. Rc7 f4 48. Rxc6 Ke7 49. Rh6 f3 50. Rh3 Rb3 $1
{[%cal Gf3f2,Gb3h3] Un dernier piège} 51. Rh4 Ke6 (51... Kd7 52. Rf4 Kc7 53.
b5 Kb7 54. Rf7+ Kb8 55. Kb6 $18) 52. Rf4 Ke5 53. Rf8 Ke4 54. b5 Ke3 55. b6 f2
56. Kc6 Rb4 57. c5 Rf4 58. Rxf4 Kxf4 59. b7 f1=Q 60. b8=Q+ Ke4 61. Qe8+ Kd4 62.
Qd8+ Kc3 63. Qa5+ Kd4 64. Kb6 1-0

[Event "Rohde op 12th"]
[Site "Sautron"]
[Date "2012.11.02"]
[Round "8"]
[White "Videnova, Iva"]
[Black "Koziak, Vitali"]
[Result "0-1"]
[ECO "B09"]
[WhiteElo "2318"]
[BlackElo "2503"]
[Annotator "RR"]
[PlyCount "74"]
[EventDate "2012.10.27"]
[EventType "swiss"]
[EventRounds "9"]
[EventCountry "FRA"]
[SourceTitle "EXT 2014"]
[Source "ChessBase"]
[SourceDate "2013.11.20"]
[SourceVersion "1"]
[SourceVersionDate "2013.11.20"]
[SourceQuality "1"]
[TimeControl "40/5400+30:1800+30"]
[WhiteClock "1:30:00"]
[BlackClock "1:30:00"]

1. e4 g6 2. d4 Bg7 3. Nc3 d6 4. f4 Nf6 5. Nf3 O-O 6. Bd3 Na6 7. O-O c5 8. d5 Nc7 9. a4 Na6 ({RR} 9... Bg4 10. h3 Bxf3 11. Qxf3 e6 12. Bd2 exd5 13. exd5 a6 14. a5 Rb8
15. Bc4 Nd7 16. Na4 Nb5 17. Qd3 Nd4 18. Rae1 h5 19. c3 Nf5 20. g4 hxg4 21. hxg4
Nh4 22. Qh3 Qxa5 23. Qxh4 Qxa4 24. b3 {Polgar,J (2540)-Todorcevic,M (2540)/
Pamplona 1990/CBM 021/[King,D]/1-0 (67)}) 10. Bc4 Nb4 $146 {
[%emt 0:01:51][%cal Gb4d5] Un avant-poste naturel comme dans la Benoni mais le
N manque de soutien. L'idée est surout de faire pression sur le P"d5" afin de
retarder la poussée thématique e4e5} ({RR} 10... e6 11. dxe6 Bxe6 12. Qe2 Nb4
13. Nd1 Bxc4 14. Qxc4 d5 15. exd5 Qxd5 16. Qxd5 Nfxd5 17. c3 Nd3 18. g3 Rfe8
19. Nf2 Nxc1 20. Raxc1 Nb6 21. b3 Nd5 22. c4 Nc3 23. Kg2 Re3 24. Rfe1 Ne2 25.
Rcd1 {Laakmann,A (2145)-Gaprindashvili,N (2405)/Piotrkow Trybunalski 1979/EXT
2002/0-1 (57)}) 11. Qe2 b6 {[%emt 0:
17:45][%csl Ra6] Prive le Nb4 de la case de repli} 12. Rd1 $14 (12. Nd1 {Trop lent} e6 $1 13. c3 (13. Ne3 exd5 14. exd5 Re8 $132 ) 13... exd5) 12... Bb7 13. e5 $36 Ne8 14. e6 (14. a5 $5 )
14... Nc7 15. f5 (15. exf7+
$142 {[%cal Gf3g5] Plus naturel et les Blancs gardaient un avantage d'espace.}
Rxf7 16. Ng5 $16 Rf8 17. Nb5 $1 Nba6 (17... Nxb5 18. axb5 ) (17... Nbxd5 $4 18. Nxc7) 18. Ra3 ) 15... fxe6 16. fxe6 Rf5
$132 17. g4 Rxf3 $1 18. Qxf3 Nxe6 19. Rf1 Qe8 20. Nb5 Nxc2 21. Qe4 Ncd4 $15 22. Ra3 a6 23. Nxd4 Nxd4 24. Rh3 {
[%emt 0:01:54] Les Blancs doivent tenter quelque chose а l'aile-roi avant que
les Noirs puissent terminer le développement} b5 $17 25. Ba2 e5 $1 26. Bg5 {[%emt 0:05:08] (=)} Ne6 $1 {
[%emt 0:00:51] Les Noirs n'auraient aucune raison d'accepter la proposition.} (
26... c4 $17 ) 27. Bd2 c4 28. Qe1 $2 Nf4 $19 29. Bxf4 exf4 30. Qd2 Qe4 31. Rxf4 Qxd5 32. Qxd5+ Bxd5 33. b3 c3 34. Rd3 c2 35. Rf1 Be4 36. b4+ Kh8 37. Rxd6 Bh6 0-1